 Dungeon Crawl Stone Soup version 0.30.1-9-gdf580d7c3d (webtiles) character file.

Game seed: 5812842696621082770

1896 FishyPogo the Ducker (level 9, -5/69 HPs)
             Began as a Gnoll Gladiator on Sept 25, 2023.
             Was a Priest of Zin.
             Slain by Maggie
             ... wielding a +0 war axe
              (7 damage)
             ... on level 6 of the Dungeon.
             The game lasted 00:14:48 (5446 turns).

FishyPogo the Ducker (Gnoll Gladiator)              Turns: 5446, Time: 00:14:49

Health: -5/69      AC:  5    Str: 24    XL:     9   Next: 15%
Magic:  13/15      EV: 15    Int: 10    God:    Zin [***...]
Gold:   153        SH:  5    Dex: 14    Spells: 16/16 levels left

rFire   . . .        a - +2 trident (holy)
rCold   . . .        G - +0 buckler
rNeg    . . .        b - +0 leather armour
rPois   ∞            c - +0 helmet
rElec   .            (no cloak)
rCorr   .            (no gloves)
SInv    .            L - +0 pair of boots
Will    .....        (no amulet)
Stlth   ++           r - ring of flight
HPRegen 0.31/turn    z - +6 ring of strength
MPRegen 0.14/turn

%: no passive effects
@: mighty, vitalised, flying, mesmerised
A: fangs 1, strong nose, distributed training, screaming 1
a: Renounce Religion, Recite, Vitalisation, Imprison, Donate Gold


You were on level 6 of the Dungeon.
You worshipped Zin.
Zin was most pleased with you.
You visited 1 branch of the dungeon, and saw 6 of its levels.

You collected 170 gold pieces.
You donated 17 gold pieces to Zin.

Inventory:

Hand Weapons
 a - a +2 trident of holy wrath (weapon)
 F - the +5 woodcutter's axe
   (You took it off a gnoll on level 4 of the Dungeon)
 H - a +1 hand axe of flaming
Missiles
 d - 3 throwing nets (quivered)
 e - a javelin
 h - 86 stones
 k - 22 poisoned darts
Armour
 b - a +0 leather armour (worn)
 c - a +0 helmet (worn)
 l - a +2 kite shield
 G - a +0 buckler (worn)
 L - a +0 pair of boots (worn)
Magical Staves
 f - a staff of air
Jewellery
 r - a ring of flight (left hand)
 t - a ring of protection from fire
 x - a ring of wizardry
 z - a +6 ring of strength (right hand)
 J - an amulet of magic regeneration
Wands
 q - a wand of roots (8)
Scrolls
 g - a scroll of brand weapon {unknown}
 m - 3 scrolls of teleportation {unknown}
 n - 6 scrolls of enchant weapon {unknown}
 o - 2 scrolls of identify
 p - 2 scrolls of amnesia {unknown}
 v - 4 scrolls of poison {unknown}
 y - a scroll of fear {unknown}
 C - 2 scrolls of enchant armour
 D - a scroll of immolation {unknown}
Potions
 u - a potion of might
 w - a potion of mutation
 E - a potion of flight {unknown}
 I - a potion of berserk rage {unknown}
 K - a potion of ambrosia {unknown}


   Skills:
 + Level 6.2 Fighting
 + Level 4.1 Short Blades
 + Level 4.1 Long Blades
 + Level 4.1 Axes
 + Level 4.1 Maces & Flails
 + Level 7.8 Polearms
 + Level 4.1 Staves
 + Level 4.1 Ranged Weapons
 + Level 6.2 Throwing
 + Level 4.1 Armour
 + Level 7.8 Dodging
 + Level 4.1 Stealth
 + Level 4.1 Shields
 + Level 4.1 Unarmed Combat
 + Level 4.1 Spellcasting
 + Level 3.4 Conjurations
 + Level 3.4 Hexes
 + Level 3.4 Summonings
 + Level 3.4 Necromancy
 + Level 3.4 Translocations
 + Level 3.4 Transmutations
 + Level 3.4 Fire Magic
 + Level 3.4 Ice Magic
 + Level 3.4 Air Magic
 + Level 3.4 Earth Magic
 + Level 3.4 Poison Magic
 + Level 4.5 Invocations
 + Level 4.1 Evocations


You had 16 spell levels left.
You didn't know any spells.
Your spell library contained the following spells:

 Spells                   Type           Power      Damage    Failure   Level
 Kiss of Death            Conj/Necr      32%        2d7       9%          1
 Summon Small Mammal      Summ           32%        N/A       9%          1
 Sublimation of Blood     Necr           8%         N/A       13%         2
 Wereblood                Tmut           8%         N/A       13%         2
 Call Canine Familiar     Summ           8%         N/A       26%         3
 Confusing Touch          Hex            8%         N/A       26%         3
 Ignite Poison            Fire/Tmut/Pois 8%         N/A       26%         3
 Portal Projectile        Hex/Tloc       16%        N/A       26%         3
 Summon Guardian Golem    Hex/Summ       8%         N/A       26%         3
 Tukima's Dance           Hex            8%         N/A       26%         3
 Dispel Undead            Necr           8%         3d8       63%         4
 Sticky Flame             Conj/Fire      8%         2d3       63%         4
 Alistair's Intoxication  Tmut/Pois      5%         N/A       93%         5
 Blade Hands              Tmut           4%         N/A       93%         5
 Borgnjor's Vile Clutch   Necr/Erth      4%         N/A       93%         5
 Eringya's Noxious Bog    Tmut/Pois      4%         N/A       100%        6
 Summon Hydra             Summ           4%         N/A       100%        7
 Ignition                 Fire           4%         3d4       100%        8


Dungeon Overview and Level Annotations

Branches:
Dungeon (6/15)             Temple (0/1) D:4

Altars:
Fedhas
Okawaru
Qazlal
Sif Muna
Uskayaw
Xom
Zin
The Shining One

Shops:
D:1 ?

Annotations:
D:4 3 runed translucent doors, Venard's ghost, amateur HORe
D:5 3 runed translucent doors, chujev's ghost, amateur MfVM
D:6 Eustachio; Maggie


Innate Abilities, Weirdness & Mutations

You have very sharp teeth.
Your uncanny sense of smell can sniff out nearby items.
Your experience applies equally to all skills.
You occasionally shout uncontrollably at your foes.


Message History

* * * LOW HITPOINT WARNING * * *
You feel much better.
You feel sick. Maggie hits you with a +0 war axe!
You hit Maggie but do no damage.
Maggie is lightly wounded.
You feel sick.
Maggie casts a spell.
Maggie attempts to bespell you!
You are mesmerised by Maggie!
You barely miss Maggie.
Maggie is lightly wounded.
You feel sick.
You are no longer poisoned.
Maggie barely misses you.
You closely miss Maggie.
Maggie is lightly wounded.
Maggie gestures wildly while chanting.
Maggie draws you further into her thrall.
You closely miss Maggie. You bite Maggie, but do no damage.
Maggie is lightly wounded.
Maggie hits you with a +0 war axe!
* * * LOW HITPOINT WARNING * * *
Unknown command.
You puncture Maggie!
Maggie is moderately wounded.
Maggie mumbles some strange words.
Maggie draws you further into her thrall.
It was a potion of mutation.
You feel extremely strange.
You feel the urge to shout.
Zin forgives your inadvertent chaotic act, just this once.
Maggie barely misses you.
It was a potion of might.
You feel very mighty all of a sudden.
Maggie mutters to herself, "Master Lance won't take me back.
This is the way forward."
Maggie hits you with a +0 war axe!
* * * LOW HITPOINT WARNING * * *
You puncture Maggie! Your bite misses Maggie.
Maggie is heavily wounded.
Zin grants you divine stamina. Maggie hits you with a +0 war axe!
You die...

#.##.........#.......
#.##.........#..#....
####.#..........#..#....
#.......................
####.#............ ....
#.#........#.... ....
#.#........#.... ...#
#.#........# ...
#.#.@....### .. .
#.#..@......
#.#......... #.........
...$...... #..........
########... ...


You could see Maggie (mesmerising).

Vanquished Creatures
  Pikel (D:6)
  2 ogres
  2 centaurs (D:5)
  A kobold brigand (D:6)
  A phantom (D:5)
  A lemure (D:6)
  A bullfrog (D:5)
  A gnoll sergeant (D:4)
  2 scorpions
  A jelly (D:6)
  A howler monkey (D:4)
  A gnoll bouda (D:3)
  4 hounds
  2 sleepcaps (D:6)
  An iguana (D:4)
  4 orc wizards
  11 gnolls (D:4)
  11 adders
  A white imp (D:5)
  An ufetubus (D:4)
  3 worms
  A dart slug (D:4)
  13 orcs
  5 ball pythons
  4 endoplasms
  3 giant cockroaches
  3 goblins
  A hobgoblin (D:2)
  14 kobolds
  3 quokkas
  4 bats
  4 frilled lizards
  A rat (D:1)
109 creatures vanquished.

Vanquished Creatures (others)
  A dart slug (D:4)
  An orc (D:3)
  A giant cockroach (D:4)
  A ball python (D:4)
4 creatures vanquished.

Grand Total: 113 creatures vanquished

Notes
Turn   | Place    | Note
-------+----------+-------------------------------------------
     0 | D:1      | FishyPogo the Gnoll Gladiator began the quest for the Orb.
     0 | D:1      | Reached XP level 1. HP: 20/20 MP: 1/1
   323 | D:1      | Reached XP level 2. HP: 23/26 MP: 2/2
   584 | D:1      | Found The Oracle's Delphic Readings.
   776 | D:1      | Found a faded altar of an unknown god.
   778 | D:1      | Prayed at the altar of an unknown god.
   778 | D:1      | Became a worshipper of Zin the Law-Giver
   778 | D:1      | Reached * piety under Zin
   836 | D:2      | Reached XP level 3. HP: 31/31 MP: 2/4
   873 | D:2      | Reached skill level 1 in Invocations
  1480 | D:3      | Reached ** piety under Zin
  1550 | D:3      | Found an iron altar of Okawaru.
  1550 | D:3      | Found a hide-covered altar of Uskayaw.
  1653 | D:3      | Reached skill level 1 in Short Blades
  1653 | D:3      | Reached skill level 1 in Long Blades
  1653 | D:3      | Reached skill level 1 in Axes
  1653 | D:3      | Reached skill level 1 in Maces & Flails
  1653 | D:3      | Reached skill level 1 in Staves
  1653 | D:3      | Reached skill level 1 in Ranged Weapons
  1653 | D:3      | Reached skill level 1 in Armour
  1653 | D:3      | Reached skill level 1 in Stealth
  1653 | D:3      | Reached skill level 1 in Shields
  1653 | D:3      | Reached skill level 1 in Unarmed Combat
  1653 | D:3      | Reached skill level 1 in Spellcasting
  1653 | D:3      | Reached skill level 1 in Evocations
  1725 | D:3      | Reached XP level 4. HP: 34/38 MP: 5/5
  1812 | D:3      | Reached skill level 1 in Conjurations
  1812 | D:3      | Reached skill level 1 in Hexes
  1812 | D:3      | Reached skill level 1 in Summonings
  1812 | D:3      | Reached skill level 1 in Necromancy
  1812 | D:3      | Reached skill level 1 in Translocations
  1812 | D:3      | Reached skill level 1 in Transmutations
  1812 | D:3      | Reached skill level 1 in Fire Magic
  1812 | D:3      | Reached skill level 1 in Ice Magic
  1812 | D:3      | Reached skill level 1 in Air Magic
  1812 | D:3      | Reached skill level 1 in Earth Magic
  1812 | D:3      | Reached skill level 1 in Poison Magic
  1834 | D:3      | Reached XP level 5. HP: 15/43 MP: 5/7
  2304 | D:3      | Found a glowing golden altar of the Shining One.
  2304 | D:3      | Found a blossoming altar of Fedhas.
  2710 | D:4      | Reached skill level 5 in Fighting
  2710 | D:4      | Reached skill level 5 in Throwing
  2710 | D:4      | Reached XP level 6. HP: 34/51 MP: 7/9
  2830 | D:4      | Found a runed translucent gate.
  2830 | D:4      | Found a runed translucent gate.
  2830 | D:4      | Found a runed translucent gate.
  2948 | D:4      | Found a shimmering altar of Xom.
  3008 | D:4      | Reached XP level 7. HP: 46/56 MP: 10/10
  3248 | D:4      | Found a staircase to the Ecumenical Temple.
  3436 | D:4      | Noticed Venard's ghost (amateur HORe)
  3645 | D:5      | Entered Level 5 of the Dungeon
  3923 | D:5      | Found a glowing silver altar of Zin.
  3925 | D:5      | Found a stormy altar of Qazlal.
  3932 | D:5      | Found a shimmering blue altar of Sif Muna.
  3978 | D:5      | Found a runed translucent gate.
  3981 | D:5      | Noticed chujev's ghost (amateur MfVM)
  3982 | D:5      | Found a runed translucent gate.
  3983 | D:5      | Found a runed translucent gate.
  4037 | D:5      | Reached XP level 8. HP: 45/63 MP: 12/12
  4417 | D:5      | Reached *** piety under Zin
  4865 | D:6      | Noticed Pikel
  4874 | D:6      | Killed Pikel
  4993 | D:6      | Reached XP level 9. HP: 69/69 MP: 14/14
  5229 | D:6      | Noticed Eustachio
  5423 | D:6      | Noticed Maggie
  5443 | D:6      | Gained mutation: You occasionally shout uncontrollably at
                  | your foes. [potion of mutation]
  5444 | D:6      | HP: 1/69 [Maggie/+0 war axe (11)]
  5446 | D:6      | Slain by Maggie

Illustrated notes

Levels and vault maps discovered:
D:1:      nicolae_arrival_memento_mori, layout_basic,
          chequers_ecumenical_altar_twisty, nicolae_nh_oracle_at_delphi
D:2:      layout_rooms, nicolae_eternal_life, minmay_misc_feat_encased
D:3:      layout_loops_corners, gammafunk_temple_overflow_elements,
          gammafunk_temple_overflow_wave, serial_bayou_pond_e,
          kennysheep_generic_room_2
D:4:      layout_rooms, xom_confusion_cloud, minmay_temple_entry_mini_moons,
          gammafunk_ghost_icy, pf_guarded_unrand_woodcutter
D:5:      layout_basic, minitemple, gammafunk_ghost_split
D:6:      layout_basic, uniq_duvessa, uniq_eustachio, uniq_maggie,
          uniq_menkaure, uniq_pikel

Skill      XL: |  1  2  3  4  5  6  7  8  9 |
---------------+----------------------------+-----
Invocations    | 1 2 3 4 |  4.5
Short Blades   | 1 2 3 4 |  4.1
Long Blades    | 1 2 3 4 |  4.1
Axes           | 1 2 3 4 |  4.1
Maces & Flails | 1 2 3 4 |  4.1
Staves         | 1 2 3 4 |  4.1
Ranged Weapons | 1 2 3 4 |  4.1
Armour         | 1 2 3 4 |  4.1
Stealth        | 1 2 3 4 |  4.1
Shields        | 1 2 3 4 |  4.1
Unarmed Combat | 1 2 3 4 |  4.1
Spellcasting   | 1 2 3 4 |  4.1
Evocations     | 1 2 3 4 |  4.1
Conjurations   | 1 2 3 |  3.4
Hexes          | 1 2 3 |  3.4
Summonings     | 1 2 3 |  3.4
Necromancy     | 1 2 3 |  3.4
Translocations | 1 2 3 |  3.4
Transmutations | 1 2 3 |  3.4
Fire Magic     | 1 2 3 |  3.4
Ice Magic      | 1 2 3 |  3.4
Air Magic      | 1 2 3 |  3.4
Earth Magic    | 1 2 3 |  3.4
Poison Magic   | 1 2 3 |  3.4
Fighting       | 5 6 |  6.2
Throwing       | 5 6 |  6.2
Polearms       | 7 |  7.8
Dodging        | 7 |  7.8

Action                     |  1- 3 |  4- 6 |  7- 9 || total
---------------------------+-------+-------+-------++-------
  Melee: Trident           |    71 |   151 |   204 ||   426
         Bite              |     2 |     7 |    30 ||    39
         Punch             |       |     1 |       ||     1
  Throw: Dart              |       |     3 |     3 ||     6
 Invoke: Vitalisation      |       |       |     1 ||     1
    Use: Potion            |       |     5 |     3 ||     8
         Scroll            |       |       |     5 ||     5
   Stab: Sleeping          |     4 |     2 |     1 ||     7
         Invisible         |       |     3 |       ||     3
 Armour: Leather armour    |    13 |    28 |    34 ||    75
  Dodge: Dodged            |    37 |    92 |   108 ||   237
  Block: Buckler           |       |       |    37 ||    37
